 Dungeon Sprint DCSS version 0.31-a0-986-g5e6e4ef867 (webtiles) character file.

Game seed: 13228848355768732252

1201 rocky1 the Grappler (level 8, -7/61 HPs)
             Began as a Pale Draconian Shapeshifter on Nov 12, 2023.
             Was an Initiate of Gozag.
             Mangled by Snorg (10 damage)
             ... in the Dungeon (Sprint III: "The Ten Rune Challenge").
             The game lasted 00:04:30 (1186 turns).

rocky1 the Grappler (Pale Draconian Shapeshifter)   Turns: 1186, Time: 00:04:31

Health: -7/61      AC:  6    Str: 21    XL:     8   Next: 21%
Magic:  12/12      EV: 14    Int: 10    God:    Gozag
Gold:   253        SH:  0    Dex: 11    Spells: 7/13 levels left

rFire   . .          .
                       - Unarmed
rCold   . . .        (no shield)
rNeg    . . .        (body armour unavailable)
rPois   .            (helmet currently unavailable)
rElec   .            (cloak currently unavailable)
rCorr   .            (gloves currently unavailable)
SInv    .            (boots currently unavailable)
Will    .....        (no amulet)
Stlth   +++          (no ring)
HPRegen 0.30/turn    (no ring)
MPRegen 0.13/turn

%: no teleportation
@: brilliant, beast-form, hasted, very quick
A: beast (slay +4), breathe steam, AC +6, unfitting armour, cold-blooded, steam
resistance, strong 1
a: Breathe Steam, Begin Untransformation, Renounce Religion, Potion Petition,
Call Merchant, Bribe Branch


You were in the Dungeon.
You worshipped Gozag.
Gozag was aware of your devotion.
You were a hulking beast.
You visited 1 branch You collected 529 gold pieces.
You paid 276 gold pieces to Gozag.

Inventory:

Talismans
 b - a beast talisman
 c - a flux talisman
Wands
 q - a wand of flame (18)
Scrolls
 j - a scroll of revelation {unknown}
 l - a scroll of immolation {unknown}
 m - 3 scrolls of identify
 n - a scroll of poison {unknown}
Potions
 d - a potion of curing
 g - 2 potions of magic
 k - 3 potions of mutation
 o - a potion of invisibility {unknown}
 p - 2 potions of enlightenment
Miscellaneous
 a - a phantom mirror


   Skills:
 + Level 2.0 Fighting
 + Level 6.3 Dodging
 - Level 4.6 Stealth
 + Level 11.4 Unarmed Combat
 * Level 3.2 Spellcasting
 * Level 3.6 Transmutations
 * Level 3.6 Poison Magic
 + Level 9.5 Shapeshifting


You had 7 spell levels left.
You knew the following spells:

 Your Spells              Type           Power      Damage    Failure   Level
a - Wereblood             Tmut           13%        N/A       10%         2
b - Olgreb's Toxic Radia  Pois           13%        N/A       52%         4

Your spell library contained the following spells:

 Spells                   Type           Power      Damage    Failure   Level
 Sting                    Tmut/Pois      52%        1d5       6%          1
 Poisonous Vapours        Pois/Air       14%        N/A       21%         2
 Irradiate                Conj/Tmut      3%         3d12      98%         5


Dungeon Overview and Level Annotations

Branches:
Dungeon (1/1)

Altars:
Cheibriados
Dithmenos
Elyvilon
Fedhas
Gozag
Hepliaklqana
Kikubaaqudgha
Makhleb
Nemelex Xobeh
Okawaru
Qazlal
Ru
Sif Muna
Trog
Uskayaw
Vehumet
Wu Jian
Xom
Yredelemnul
Zin
The Shining One
Jiyva
Lugonu

Annotations:
D Snorg


Innate Abilities, Weirdness & Mutations

You are a hulking beast.
Your limbs bulge with bestial killing power. (Slay +4)
You can breathe blasts of scalding, opaque steam.
Your pale cyan-grey scales are hard. (AC +6)
You cannot fit into any form of body armour.
You are cold-blooded and may be slowed by cold attacks.
You are immune to the effects of steam.
Your muscles are strong. (Str +4, Int/Dex -1)


Message History

You no longer have enough gold to petition Gozag for potion effects.
You feel clever all of a sudden. Magic courses through your body.
Snorg bites you! Snorg misses you. Snorg claws you!
Okay, then.
Blink to where?
Press: ? - help, Dir - move target
As you read the scroll of blinking, it crumbles to dust.
Okay, then.
You feel yourself speed up. Snorg misses you. Snorg barely misses you.
Snorg completely misses you.
Snorg rages.
Snorg misses you. Snorg claws you!
* * * LOW HITPOINT WARNING * * *
Snorg claws you.
* * * LOW HITPOINT WARNING * * *
Okay, then.
Okay, then.
You feel much better.
You punch Snorg! You tail-slap Snorg!
Snorg is lightly wounded.
Snorg closely misses you. x2; Snorg completely misses you.
You completely miss Snorg. You tail-slap Snorg.
Snorg is lightly wounded.
Snorg bites you! Snorg closely misses you. Snorg claws you!!
* * * LOW HITPOINT WARNING * * *
You feel better. Snorg bites you!
* * * LOW HITPOINT WARNING * * *
Snorg barely misses you. Snorg misses you.
You hit Snorg.
Snorg is lightly wounded.
Snorg closely misses you. Snorg claws you but does no damage.
Snorg barely misses you.
You punch Snorg! You tail-slap Snorg.
Snorg is moderately wounded.
You punch Snorg! Your punch misses Snorg.
Snorg is moderately wounded.
Snorg bites you!
You die...
Your body crumbles into a pile of gold.

▓▓▓ ##.############
####..#___#___#__#
#..#..#)..#__)#._#
#..#..###'#'###)##
##'#..#..........#
###...'.⌠........#
###...#...######'#
##....#.⌠.#__#..h#+#####
#.....#...#__#..T#.§~§§+
......#'###__#...#.#~~§#
#.....#.).#__#...'.#§§.#
##....#___#__'...#.#§..#
▓▓▓▓▓▓▓▓▓▓▓▓▓▓▓▓▓▓▓▓▓▓▓


You could see Snorg (berserk).

Vanquished Creatures
  A deep elf pyromancer (D)
  A shadow (D)
  A spatial vortex (D)
  A water elemental (D)
  A necrophage (D)
  A jelly (D)
  Jessica (D)
  An arcanist (D)
  A necromancer (D)
  3 humans (D)
  A kobold demonologist (D)
  A wolf (D)
  An endoplasm (D)
  2 rats (D)
17 creatures vanquished.

Notes
Turn   | Place    | Note
-------+----------+-------------------------------------------
     0 | D        | rocky1 the Draconian Shapeshifter began the quest for the
                  | Orb.
     0 | D        | Reached XP level 1. HP: 16/16 MP: 1/1
    19 | D        | Noticed Jessica
    26 | D        | Killed Jessica
    27 | D        | Reached skill level 1 in Stealth
    27 | D        | Reached skill level 4 in Unarmed Combat
    27 | D        | Reached XP level 2. HP: 9/23 MP: 2/2
    93 | D        | Reached XP level 3. HP: 28/28 MP: 3/3
   114 | D        | Reached skill level 5 in Unarmed Combat
   114 | D        | Reached skill level 5 in Shapeshifting
   208 | D        | Gained mutation: Your body sometimes deteriorates upon
                  | taking damage. [potion of mutation]
   208 | D        | Gained mutation: You possess an exceptional clarity of
                  | mind. [potion of mutation]
   209 | D        | Lost mutation: You possess an exceptional clarity of mind.
                  | [potion of mutation]
   209 | D        | Lost mutation: Your body sometimes deteriorates upon taking
                  | damage. [potion of mutation]
   209 | D        | Gained mutation: Your muscles are strong. (Str +4, Int/Dex
                  | -1) [potion of mutation]
   209 | D        | Gained mutation: You are agile. (Dex +4, Str/Int -1)
                  | [potion of mutation]
   209 | D        | Lost mutation: You are agile. (Dex +4, Str/Int -1) [potion
                  | of mutation]
   312 | D        | Noticed a water elemental
   320 | D        | Killed a water elemental
   321 | D        | Reached skill level 6 in Unarmed Combat
   321 | D        | Reached XP level 4. HP: 35/35 MP: 4/4
   610 | D        | Reached XP level 5. HP: 33/40 MP: 5/5
   637 | D        | Noticed a shadow
   651 | D        | Killed a shadow
   652 | D        | Reached skill level 8 in Unarmed Combat
   652 | D        | Reached XP level 6. HP: 14/47 MP: 6/6
   776 | D        | Found a blossoming altar of Fedhas.
   776 | D        | Found a stormy altar of Qazlal.
   776 | D        | Found a snail-covered altar of Cheibriados.
   776 | D        | Found a burning altar of Makhleb.
   776 | D        | Found a shimmering altar of Xom.
   776 | D        | Noticed a spatial vortex
   777 | D        | Found a hazy altar of Hepliaklqana.
   777 | D        | Found an opulent altar of Gozag.
   777 | D        | Found a sparkling altar of Nemelex Xobeh.
   777 | D        | Found a corrupted altar of Lugonu.
   777 | D        | Found a viscous altar of Jiyva.
   784 | D        | Became a worshipper of Gozag Ym Sagoz the Greedy
   790 | D        | Killed a spatial vortex
   791 | D        | Reached skill level 5 in Dodging
   791 | D        | Reached skill level 9 in Unarmed Combat
   814 | D        | Found a basalt altar of Yredelemnul.
   814 | D        | Found a shadowy altar of Dithmenos.
   814 | D        | Found a sacrificial altar of Ru.
   847 | D        | Found a radiant altar of Vehumet.
   847 | D        | Found a shimmering blue altar of Sif Muna.
   847 | D        | Found an ancient bone altar of Kikubaaqudgha.
   852 | D        | Noticed a hellwing
   853 | D        | Reached skill level 10 in Unarmed Combat
   853 | D        | Your scales start taking on a pale cyan-grey colour.
   853 | D        | Reached XP level 7. HP: 52/53 MP: 7/7
   853 | D        | Gained mutation: You are immune to the effects of steam.
                  | [Pale Draconian growth]
   963 | D        | Learned a level 2 spell: Wereblood
   968 | D        | Learned a level 4 spell: Olgreb's Toxic Radiance
  1078 | D        | Found a glowing silver altar of Zin.
  1078 | D        | Found a glowing golden altar of the Shining One.
  1078 | D        | Found a white marble altar of Elyvilon.
  1079 | D        | Noticed a deep elf pyromancer
  1082 | D        | Killed a deep elf pyromancer
  1083 | D        | Reached skill level 11 in Unarmed Combat
  1111 | D        | Found a hide-covered altar of Uskayaw.
  1111 | D        | Found an iron altar of Okawaru.
  1111 | D        | Found a bloodstained altar of Trog.
  1111 | D        | Found an ornate altar of the Wu Jian Council.
  1111 | D        | Noticed a human
  1111 | D        | Noticed a human
  1116 | D        | Killed a human
  1117 | D        | Reached XP level 8. HP: 61/61 MP: 10/12
  1167 | D        | Noticed Snorg
  1183 | D        | HP: 3/61 [Snorg (15)]
  1186 | D        | Mangled by Snorg

Illustrated notes

Levels and vault maps discovered:
D:        dungeon_sprint_mu [sprint_mu_entry_cave, sprint_mu_temple_rooms,
          sprint_mu_d1_horrors, sprint_mu_d2_genie, sprint_mu_d3_branching,
          sprint_mu_orc_legion, sprint_mu_elf_gauntlet, sprint_mu_hive_nellie,
          sprint_mu_lair_fedhas, sprint_mu_vaults_butterflies,
          sprint_mu_slime_circle, sprint_mu_swamp_cave, sprint_mu_shoals_archi,
          sprint_mu_blade_basic, sprint_mu_crypt_lich, sprint_mu_tomb_spiral,
          sprint_mu_vestibule_basic, sprint_mu_gehenna_hellfire,
          sprint_mu_dis_giant, sprint_mu_tartarus_statrot,
          sprint_mu_cocytus_islands, sprint_mu_zot1]

Skill      XL: |  1  2  3  4  5  6  7  8 |
---------------+-------------------------+-----
Dodging        | 2 3 4 5 6 |  6.3
Stealth        | 1 2 3 4 |  4.6
Unarmed Combat | 4 6 8 10 11 | 11.4
Shapeshifting  | 4 6 8 9 |  9.5
Spellcasting   | 2 3 |  3.2
Transmutations | 3 |  3.6
Poison Magic   | 3 |  3.6
Fighting       | 2 |  2.0

Action                     |  1- 3 |  4- 6 |  7- 9 || total
---------------------------+-------+-------+-------++-------
  Melee: Unarmed           |    33 |    32 |    13 ||    78
         Tailslap          |     3 |     3 |     4 ||    10
         Punch             |     1 |       |     2 ||     3
 Invoke: Potion Petition   |       |       |     1 ||     1
    Use: Potion            |     3 |       |     4 ||     7
         Scroll            |       |       |     1 ||     1
   Stab: Sleeping          |     2 |     1 |     1 ||     4
 Armour: Skin              |    15 |     9 |     9 ||    33
  Dodge: Dodged            |    14 |     6 |    15 ||    35

Table legend: (Time is in decaauts)
 A = Elapsed time spent in this place.
 B = Non-inter-level travel time spent in this place.
 C = Inter-level travel time spent in this place.
 D = Time resting spent in this place.
 E = Time spent auto-exploring this place.
 F = Levels seen in this place.
 G = Mean time per level.
                   A        B        C        D        E       F      G
               +--------+--------+--------+--------+--------+-----+--------+
         Total |   1184 |   1184 |      0 |    877 |     10 |   1 | 1184.0 |
       Dungeon |   1184 |   1184 |      0 |    877 |     10 |   1 | 1184.0 |
               +--------+--------+--------+--------+--------+-----+--------+

Top non-repeatable levels by time:
       D: 1184 daAuts
